 Dungeon Crawl Stone Soup version 0.24.0-41-g2ae2f7f1be (webtiles) character file.

Game seed: 2292839932662534373, levelgen mode: deterministic

11589 Almogavar the Cleaver (level 11, -1/102 HPs)
             Began as a Hill Orc Berserker on Dec 12, 2019.
             Was a High Priest of Trog.
             Slain by a centaur (6 damage)
             ... on level 2 of the Orcish Mines.
             The game lasted 00:44:17 (13146 turns).

Almogavar the Cleaver (Hill Orc Berserker)         Turns: 13146, Time: 00:44:18

Health: -1/102     AC: 19    Str: 24    XL:     11   Next: 80%
Magic:  3/3        EV: 10    Int:  7    God:    Trog [*****.]
Gold:   1339       SH:  0    Dex: 10    Spells: 10/10 levels left

rFire    . . .     SeeInvis .   y - +1 executioner's axe of the Manifold Stories {antimagic, rN+ Stlth+}
rCold    + . .     Gourm    .   (shield currently unavailable)
rNeg     + . .     Faith    .   d - +0 chain mail
rPois    .         Spirit   .   C - +2 helmet
rElec    .         Reflect  .   (no cloak)
rCorr    .         Harm     .   i - +0 pair of gloves
MR       ++...                  n - +1 pair of boots
Stlth    ..........             w - amulet of magic regeneration
HPRegen  1.27/turn              g - ring of protection from cold
MPRegen  0.33/turn              (no ring)

@: very slightly contaminated, regenerating, lightly drained
A: no striking features
a: Berserk, Trog's Hand, Brothers in Arms, Renounce Religion


You were on level 2 of the Orcish Mines.
You worshipped Trog.
Trog was extremely pleased with you.
You were hungry.

You visited 2 branches of the dungeon, and saw 11 of its levels.
You also visited: Bailey.

You collected 1339 gold pieces.

Inventory:

Hand Weapons
 k - a +0 hand axe of chopping
 y - the +1 executioner's axe of the Manifold Stories (weapon) {antimagic, rN+ Stlth+}
   (Trog gifted it to you on level 9 of the Dungeon)

   It reduces the magical energy of the wielder, and disrupts the spells and
   magical abilities of those hit.
   Natural abilities and divine invocations are not affected.
   It protects you from negative energy.
   It makes you more stealthy.
Armour
 d - a +0 chain mail (worn)
 i - a +0 pair of gloves (worn)
 n - a +1 pair of boots (worn)
 p - a +1 scale mail of cold resistance
 C - a +2 helmet (worn)
Jewellery
 g - a ring of protection from cold (left hand)
 w - an amulet of magic regeneration (around neck)
Wands
 a - a wand of iceblast (9)
 t - a wand of acid (17)
 v - a wand of flame (10)
 D - a wand of paralysis (20)
 J - a wand of disintegration (11)
Scrolls
 e - 6 scrolls of teleportation {unknown}
 f - 3 scrolls of remove curse
 h - 2 scrolls of blinking
 j - 2 scrolls of amnesia {unknown}
 l - 2 scrolls of enchant weapon
 m - 4 scrolls of fog
 q - 4 scrolls of magic mapping
 r - a scroll of enchant armour
 E - a scroll of fear
 F - a scroll of holy word {unknown}
 G - 3 scrolls of silence {unknown}
Potions
 b - a potion of brilliance {unknown}
 o - 2 potions of curing
 u - 2 potions of lignification
 x - a potion of resistance
 z - a potion of magic
 A - 2 potions of mutation
Comestibles
 c - 20 rations
 B - 4 chunks of flesh


   Skills:
 + Level 11.5 Fighting
 - Level 14.0 Axes
 + Level 11.4 Armour
 + Level 4.6 Dodging


You had 10 spell levels left.
You didn't know any spells.
Your spell library was empty.

Dungeon Overview and Level Annotations

Branches:
Dungeon (9/15)             Temple (0/1) D:6            Lair (0/6) D:8
    Orc (2/2) D:9          Bailey (visited)
    Elf: Orc:2

Altars:
Ashenzari
Hepliaklqana
Makhleb
Trog
Uskayaw
Vehumet
Wu Jian

Shops:
D:9 *   Orc:1 *[*

Annotations:
D:3 3 runed translucent doors, Kiux97's ghost, amateur TeCj; Name63's ghost, amateur GnWz


Message History

You hear a shout! x3
Blink to where?
Press: ? - help, Dir - move target cursor You are very lightly contaminated with residual magic.
As you read the scroll of blinking, it crumbles to dust.
A centaur comes into view.
The centaur shouts!
The centaur wields a +0 shortbow.
The centaur shoots an arrow.
The arrow hits you.
* * * LOW HITPOINT WARNING * * *
The centaur wields a +0 shortbow.
The centaur shoots an arrow.
The arrow hits you.
* * * LOW HITPOINT WARNING * * *
You see here an arrow.
The centaur shoots an arrow.
The arrow barely misses you.
The centaur shoots an arrow.
The arrow hits you.
* * * LOW HITPOINT WARNING * * *
You see here an arrow.
The centaur unwields a +0 shortbow.
The centaur hits you.
You die...

#............... ##..............
#####............
##..#...........[. ###
#.............#... ##.##
##................
#...######.#............ ####
##.###.#................
##..#####.##((@c...............
##.(..((#....#..................
##...............................
......(.o........................
.....(...c.......................
..##.(##.c.###...##..##..##......
..o.(....≈≈# #≈≈...^...... #.....
..co)...≈≈≈# #≈≈≈...... #.....
.ooc..≈≈≈≈## #≈≈≈≈. ......


You could see 3 centaurs.

Vanquished Creatures
  A deep elf archer (Bailey)
  8 deep elf magi (Bailey)
  2 orc sorcerers
  A troll (Orc:2)
  A hippogriff (D:8)
  A water moccasin (D:8)
  3 porcupines (D:8)
  14 orc warriors
  5 ogres
  A crocodile (D:9)
  4 centaurs
  3 bullfrogs
  5 scorpions
  13 wights
  16 killer bees
  2 howler monkeys (D:4)
  3 crimson imps
  A bullfrog zombie (D:8)
  2 centaur zombies
  2 quasits (D:8)
  3 hounds
  3 jellies
  2 gnoll shamans (D:8)
  10 orc priests
  25 orc wizards
  A centaur skeleton (D:7)
  6 iguanas
  Ijyb (D:3)
  8 worker ants
  Terence (D:3)
  A hound skeleton (D:6)
  A worker ant zombie (D:9)
  12 gnolls
  A howler monkey skeleton (D:8)
  10 adders
  5 shadow imps
  An ooze (D:3)
  An adder zombie (D:5)
  3 worms
  3 dart slugs
  7 leopard geckos
  75 orcs
  6 giant cockroaches
  7 goblins
  5 hobgoblins
  10 jackals
  11 kobolds
  5 quokkas
  2 ball pythons
  5 bats
  4 frilled lizards
  A quokka skeleton (D:7)
  2 quokka zombies (D:5)
  15 rats
  A fungus (D:8)
  A plant (D:9)
343 creatures vanquished.

Vanquished Creatures (others)
  A giant cockroach (D:2)
1 creature vanquished.

Grand Total: 344 creatures vanquished

Notes
Turn   | Place    | Note
-------+----------+-------------------------------------------
     0 | D:1      | Almogavar the Hill Orc Berserker began the quest for the
                  | Orb.
     0 | D:1      | Reached XP level 1. HP: 19/19 MP: 1/1
    88 | D:1      | Reached XP level 2. HP: 24/27 MP: 2/2
   394 | D:1      | Reached XP level 3. HP: 33/33 MP: 3/3
   841 | D:2      | Reached skill level 5 in Axes
  1112 | D:2      | Reached ** piety under Trog
  1177 | D:2      | Reached XP level 4. HP: 28/41 MP: 4/4
  1501 | D:2      | Found a radiant altar of Vehumet.
  1846 | D:3      | Noticed Terence
  1867 | D:3      | Killed Terence
  1867 | D:3      | Reached XP level 5. HP: 41/47 MP: 5/5
  1985 | D:3      | Found a runed translucent gate.
  2113 | D:3      | Reached skill level 5 in Fighting
  2113 | D:3      | Reached skill level 6 in Axes
  2386 | D:3      | Reached XP level 6. HP: 56/56 MP: 6/6
  2412 | D:3      | Reached *** piety under Trog
  2522 | D:3      | Noticed Ijyb
  2543 | D:3      | Killed Ijyb
  2679 | D:3      | Found a runed translucent gate.
  2680 | D:3      | Found a runed translucent gate.
  2682 | D:3      | Noticed Name63's ghost (amateur GnWz)
  2682 | D:3      | Noticed Kiux97's ghost (amateur TeCj)
  2912 | D:4      | Reached skill level 7 in Axes
  2929 | D:4      | Reached XP level 7. HP: 10/61 MP: 7/7
  3290 | D:4      | Found an ornate altar of the Wu Jian Council.
  3339 | D:4      | Reached skill level 8 in Axes
  3395 | D:4      | Found a shattered altar of Ashenzari.
  3797 | D:4      | Found a bloodstained altar of Trog.
  3810 | D:4      | Reached skill level 9 in Axes
  3810 | D:4      | Reached skill level 5 in Armour
  4028 | D:4      | Reached XP level 8. HP: 70/70 MP: 8/8
  4080 | D:5      | Entered Level 5 of the Dungeon
  4182 | D:5      | Found a hide-covered altar of Uskayaw.
  4391 | D:5      | Found a hazy altar of Hepliaklqana.
  5783 | D:6      | Found a staircase to the Ecumenical Temple.
  5877 | D:6      | Reached skill level 10 in Axes
  6344 | D:6      | Reached **** piety under Trog
  6689 | D:7      | Received a gift from Trog
  6713 | D:7      | Reached XP level 9. HP: 53/79 MP: 9/9
  6729 | D:7      | Found a flagged portal.
  6740 | Bailey   | Entered a bailey
  6828 | Bailey   | Noticed a deep elf mage
  6863 | Bailey   | Killed a deep elf mage
  6863 | Bailey   | Reached skill level 11 in Axes
  6982 | Bailey   | Noticed a deep elf mage
  6983 | Bailey   | Noticed a deep elf mage
  6995 | Bailey   | Killed a deep elf mage
  6995 | Bailey   | Noticed a deep elf mage
  7003 | Bailey   | Killed a deep elf mage
  7005 | Bailey   | Noticed a deep elf mage
  7015 | Bailey   | Killed a deep elf mage
  7015 | Bailey   | Reached skill level 12 in Axes
  7015 | Bailey   | Reached XP level 10. HP: 69/88 MP: 10/10
  7026 | Bailey   | Killed a deep elf mage
  7204 | Bailey   | Noticed a deep elf mage
  7206 | Bailey   | Noticed a deep elf mage
  7221 | Bailey   | Killed a deep elf mage
  7227 | Bailey   | Killed a deep elf mage
  7273 | Bailey   | Noticed a deep elf archer
  7280 | Bailey   | Killed a deep elf archer
  7280 | Bailey   | Reached skill level 13 in Axes
  7394 | Bailey   | Noticed a deep elf mage
  7401 | Bailey   | Killed a deep elf mage
  7906 | D:7      | Reached skill level 10 in Armour
  8139 | D:8      | Received a gift from Trog
  8416 | D:8      | Reached XP level 11. HP: 70/97 MP: 11/11
  8834 | D:8      | Reached ***** piety under Trog
  8914 | D:8      | Reached skill level 14 in Axes
  9068 | D:8      | Found a staircase to the Lair.
  9340 | D:9      | Found Dashryaro's Assorted Antiques.
  9461 | D:9      | Reached skill level 10 in Fighting
  9785 | D:9      | Received a gift from Trog
  9788 | D:9      | Got a transparent executioner's axe {god gift}
  9789 | D:9      | Identified the +1 executioner's axe of the Manifold Stories
                  | {antimagic, rN+ Stlth+} (Trog gifted it to you on level 9
                  | of the Dungeon)
  9794 | D:9      | Found a staircase to the Orcish Mines.
 10920 | Orc:1    | Entered Level 1 of the Orcish Mines
 11174 | Orc:1    | Noticed an orc sorcerer
 11437 | Orc:1    | Noticed a soul eater
 11442 | D:9      | HP: 3/101 [orc sorcerer/bolt of fire (39)]
 11446 | D:9      | Killed an orc sorcerer
 11861 | Orc:1    | Found a burning altar of Makhleb.
 11907 | D:9      | Received a gift from Trog
 12122 | Orc:1    | Found Sics's Antique Armour Shoppe.
 12356 | Orc:1    | Found Neamur's Assorted Antiques.
 12499 | Orc:1    | Found Giedo's Assorted Antiques.
 12693 | Orc:2    | Entered Level 2 of the Orcish Mines
 12700 | Orc:2    | Noticed an orc sorcerer
 12706 | Orc:2    | Killed an orc sorcerer
 13134 | Orc:2    | Noticed an orc knight
 13145 | Orc:2    | HP: 3/102 [centaur/arrow (4)]
 13146 | Orc:2    | Slain by a centaur

Levels and vault maps discovered:
D:1:      dpeg_arrival_pits, layout_loops_ring, hex_large, minmay_pentomino_p2
D:2:      layout_basic, fiery_altar_vehumet, first_ration, due_unseen_surprise
D:3:      layout_loops_ring, gammafunk_ghost_cemetery, minmay_fractal_squares_5,
          uniq_ijyb, uniq_terence
D:4:      layout_loops_cross, bloody_trog, kennysheep_mini_moat,
          overflow_temple_1_default
D:5:      layout_basic, eat_drink_and_be_merry_uskayaw, kennysheep_mini,
          kennysheep_opposing_triangles
D:6:      layout_loops_ring, minmay_temple_entry_nine_rooms
D:7:      layout_rooms, enter_bailey_2, grunt_ogre_cave
D:8:      layout_loops_ring, grunt_lair_entry_orc_guard_hut
D:9:      layout_basic, orc_0_dummy, serial_shops,
          nicolae_shop_overgrown_old_shop
Orc:1:    layout_caves, serial_shops,
          nicolae_shop_temple_entry_statues_fountains,
          nicolae_shop_behind_doors, shop_fountains, basic_altar
Orc:2:    st_orc_rangers, layout_caves

Skill      XL: |  1  2  3  4  5  6  7  8  9 10 11 |
---------------+----------------------------------+-----
Fighting       | 4 5 6 7 8 9 11 | 11.5
Axes           | 5 6 7 9 10 12 13 14 | 14.0
Armour         | 3 4 5 6 8 10 11 | 11.4
Dodging        | 2 3 4 |  4.6

Action                   |  1- 3 |  4- 6 |  7- 9 | 10-12 || total
-------------------------+-------+-------+-------+-------++-------
Melee: Hand axe          |    89 |   229 |   388 |   443 ||  1149
       Executioner's axe |       |       |       |   190 ||   190
Invok: Berserk           |       |       |     2 |     8 ||    10
       Trog's Hand       |       |       |     1 |     1 ||     2
  Use: Scroll            |     3 |     2 |     8 |     9 ||    22
       Potion            |       |       |     1 |     1 ||     2
  Eat: Chunk             |     1 |     5 |    12 |    24 ||    42
       Ration            |       |       |     1 |     1 ||     2
Armor: Chain mail        |    59 |   125 |   152 |   400 ||   736
Dodge: Dodged            |    27 |    98 |   121 |   360 ||   606
